 Dungeon Crawl Stone Soup version 0.23.2-1-ga50397a6bc (webtiles) character file.

Game seed: 12424535995711573444

61 Mrkan the Poker (level 4, -13/28 HPs)
             Began as a Tengu Monk on May 19, 2019.
             Mangled by a sickly merfolk siren
             ... wielding a cursed -1 spear
              (17 damage)
             ... in a sewer.
             The game lasted 00:02:57 (1937 turns).

Mrkan the Poker (Tengu Monk)                        Turns: 1937, Time: 00:02:57

Health: -13/28     AC:  5    Str: 12    XL:     4   Next: 7%
Magic:  5/5        EV: 12    Int: 10    God:
Gold:   177        SH:  0    Dex: 17    Spells: 3/3 levels left

rFire    . . .     SeeInvis .   a - +0 spear
rCold    . . .     Gourm    .   (no shield)
rNeg     . . .     Faith    .   l - +0 ring mail
rPois    .         Spirit   .   (helmet restricted)
rElec    .         Reflect  .   (no cloak)
rCorr    .         Harm     .   (no gloves)
MR       .....                  (boots unavailable)
Stlth    +.........             (no amulet)
HPRegen  0.09/turn              (no ring)
MPRegen  0.09/turn              (no ring)

@: mesmerised
A: beak, talons 3
a: no special abilities


You were in a sewer.
You were not hungry.

You visited 1 branch of the dungeon, and saw 3 of its levels.
You also visited: Sewer.

You collected 177 gold pieces.

Inventory:

Hand Weapons
 a - a +0 spear (weapon)
Armour
 b - a +0 robe
 l - a +0 ring mail (worn)
Jewellery
 n - an uncursed ring of wizardry {unknown}
 q - a +3 ring of protection {unknown}
Scrolls
 d - a scroll of amnesia {unknown}
 f - a scroll of blinking {unknown}
 h - 5 scrolls of teleportation {unknown}
 i - 2 scrolls of fog {unknown}
 j - a scroll of remove curse {unknown}
 m - a scroll of immolation {unknown}
 o - 2 scrolls of enchant armour {unknown}
 s - a scroll of identify {unknown}
 u - 2 scrolls of random uselessness {unknown}
Potions
 e - a potion of heal wounds {unknown}
 g - a potion of agility {unknown}
 k - 2 potions of brilliance {unknown}
 p - a potion of lignification {unknown}
 r - a potion of curing {unknown}
 t - a potion of magic {unknown}
Comestibles
 c - 2 rations


   Skills:
 + Level 3.5 Fighting
 * Level 4.4 Polearms
 + Level 3.8 Dodging
 - Level 2.0 Stealth


You had 3 spell levels left.
You didn't know any spells.
Your spell library was empty.

Dungeon Overview and Level Annotations

Branches:
Dungeon (3/15)

Altars:

Annotations:
D:3 2 transporters


Innate Abilities, Weirdness & Mutations

You have a beak for a mouth.
You have claws for feet.


Message History

The leopard gecko barely misses you.
You closely miss the sickly merfolk siren.
The sickly merfolk siren is heavily wounded.
The sickly merfolk siren chants its luring song.
The leopard gecko barely misses you.
You hit the sickly merfolk siren but do no damage.
Your kick misses the sickly merfolk siren.
The sickly merfolk siren is heavily wounded.
The leopard gecko bites you but does no damage.
The sickly merfolk siren misses you.
You closely miss the sickly merfolk siren.
You claw the sickly merfolk siren, but do no damage.
The sickly merfolk siren is heavily wounded.
The leopard gecko closely misses you.
You barely miss the sickly merfolk siren.
You peck the sickly merfolk siren.
The sickly merfolk siren is heavily wounded.
The sickly merfolk siren hits you with a cursed -1 spear!
Ouch! That really hurt!
You die...

###≈≈≈.#####
#∩∩≈≈≈≈.....
############
##########≈≈≈≈≈≈≈≈≈ $
#≈≈≈≈≈≈≈≈≈≈†≈÷≈..≈.
..
###≈≈≈#############..
###≈###≈≈≈#.# ###
≈≈≈≈≈≈≈lr##l#
≈≈≈≈≈..rrm@.#
≈≈≈...####### ≈≈...
...# ##


You could see a sickly merfolk siren, a leopard gecko, a frilled lizard and 3
rats.

Vanquished Creatures
  A worm (D:2)
  2 leopard geckos
  An orc (D:3)
  4 ball pythons
  3 bats
  3 giant cockroaches
  5 goblins
  10 hobgoblins
  4 jackals (D:1)
  2 kobolds (D:1)
  3 frilled lizards
  11 rats
49 creatures vanquished.

Notes
Turn   | Place    | Note
-------+----------+-------------------------------------------
     0 | D:1      | Mrkan the Tengu Monk began the quest for the Orb.
     0 | D:1      | Reached XP level 1. HP: 14/14 MP: 2/2
   107 | D:1      | Reached XP level 2. HP: 19/19 MP: 3/3
   498 | D:1      | Reached XP level 3. HP: 16/23 MP: 4/4
   510 | D:1      | Reached skill level 4 in Polearms
  1775 | D:3      | Found a transporter.
  1795 | D:3      | Found a transporter.
  1819 | D:3      | Found a glowing drain.
  1842 | Sewer    | Entered a sewer
  1877 | Sewer    | Reached XP level 4. HP: 25/28 MP: 5/5
  1937 | Sewer    | Mangled by a sickly merfolk siren

Skill      XL: |  1  2  3 |
---------------+----------+-----
Polearms       | 4 |  4.4
Fighting       | |  3.5
Dodging        | |  3.8
Stealth        | |  2.0

Action                   |  1- 3 |  4- 6 || total
-------------------------+-------+-------++-------
Melee: Spear             |    92 |    22 ||   114
       Kick              |    23 |     4 ||    27
       Peck              |    12 |     4 ||    16
 Stab: Sleeping          |     4 |       ||     4
  Eat: Chunk             |     2 |     1 ||     3
Armor: Ring mail         |    17 |    11 ||    28
       Robe              |     4 |       ||     4
Dodge: Dodged            |    55 |    14 ||    69
